 Dungeon Crawl Stone Soup version 0.24.0-123-gd5b16e6ec5 (webtiles) character file.

Game seed: 6905236504215402302, levelgen mode: deterministic

250 DavidChitty2 the Shield-Bearer (level 6, -1/39 HPs)
             Began as a Gargoyle Fighter on Dec 17, 2019.
             Killed by divine providence
             ... invoked by an orc priest
              (11 damage)
             ... on level 3 of the Dungeon.
             The game lasted 00:04:16 (3197 turns).

DavidChitty2 the Shield-Bearer (Gargoyle Fighter)   Turns: 3197, Time: 00:04:17

Health: -1/39      AC: 15    Str: 22    XL:     6   Next: 13%
Magic:  6/6        EV:  7    Int:  8    God:
Gold:   142        SH:  9    Dex:  9    Spells: 5/5 levels left

rFire    . . .     SeeInvis .   a - +0 flail
rCold    . . .     Gourm    .   c - +0 shield
rNeg     + . .     Faith    .   b - +0 scale mail
rPois    ∞         Spirit   .   n - +0 helmet
rElec    +         Reflect  .   w - +2 cloak
rCorr    .         Harm     .   (no gloves)
MR       +....                  (no boots)
Stlth    ..........             (no amulet)
HPRegen  0.13/turn              l - ring of protection from magic
MPRegen  0.10/turn              (no ring)

@: no status effects
A: negative energy resistance 1, electricity resistance, unbreathing,
petrification resistance, rot immunity, AC +4
a: no special abilities


You were on level 3 of the Dungeon.
You were not hungry.

You visited 1 branch of the dungeon, and saw 4 of its levels.

You collected 142 gold pieces.

Inventory:

Hand Weapons
 a - a +0 flail (weapon)
Armour
 b - a +0 scale mail (worn)
 c - a +0 shield (worn)
 n - a +0 helmet (worn)
   (You found it on level 1 of the Dungeon)
 w - a +2 cloak (worn)
   (You found it on level 3 of the Dungeon)
Jewellery
 l - a ring of protection from magic (left hand)
   (You found it on level 2 of the Dungeon)
Wands
 r - a wand of clouds (5)
   (You found it on level 2 of the Dungeon)
Scrolls
 d - a scroll of fear {unknown}
 h - 5 scrolls of remove curse {@r2}
 j - 2 scrolls of enchant armour {unknown}
 p - 2 scrolls of immolation {!r}
 q - 2 scrolls of teleportation {@r4}
Potions
 g - a potion of brilliance
 i - a potion of ambrosia
 k - 2 potions of heal wounds {@q2}
 m - a potion of mutation {!q}
 o - 3 potions of degeneration {unknown}
 s - a potion of curing {unknown}
 t - 2 potions of might
 v - a potion of lignification {unknown}
 x - a potion of cancellation {unknown}
Comestibles
 e - 6 rations {!d}


   Skills:
 + Level 4.3 Fighting
 * Level 4.2 Maces & Flails
 + Level 4.3 Armour
 + Level 4.4 Shields


You had 5 spell levels left.
You didn't know any spells.
Your spell library was empty.

Dungeon Overview and Level Annotations

Branches:
Dungeon (4/15)
 Temple: D:4-7

Altars:
Gozag


Innate Abilities, Weirdness & Mutations

You are resistant to torment.
Your stone body is resilient. (AC +4)
You are immune to poison.
You resist negative energy. (rN+)
You are resistant to electric shocks. (rElec)
You can survive without breathing.
You are immune to petrification.
You are immune to rotting.


Message History

As you read the scroll labeled POUPICLEAPP, it crumbles to dust.
You hear a loud clanging noise!
It was a scroll of noise.
You hear a shout! x3
Okay, then.
Drop what? 23/52 slots (_ for help) (? for menu, Esc to quit)
You drop a scroll of noise {!r}.
As you read the scroll labeled SACAKL FYMAKI, it crumbles to dust.
You feel strangely unstable.
It was a scroll of teleportation.
You climb upwards.
There is a stone staircase leading down here.
Unknown command.
Your surroundings suddenly seem different.
(D) Dungeon
Where to? (Enter - D:3 @ (x,y), ? - help)
There is a stone staircase leading down here.
You climb downwards. 2 orcs and 2 orc priests come into view.
An orc priest is wielding a +0 dagger of freezing.
The orc shouts! x2; The orc priest shouts!
The orc priest invokes the aid of Beogh against you.
Beogh smites you!
The orc priest hits you but does no damage.
Found 15 stones.
There is a stone staircase leading up here.
You block the orc's attack.
The orc priest hits you but does no damage.
The orc priest mumbles some strange prayers to Beogh against you.
Pain shoots through your body!
You climb upwards.
There is a stone staircase leading down here.
The orc priest closely misses you. The orc hits you but does no damage.
The orc priest closely misses you.
You closely miss the orc priest. You block the orc priest's attack.
The orc hits you but does no damage.
The orc priest hits you with a +0 dagger.
Your shield and scale mail prevent you from hitting the orc priest.
The orc priest hits you but does no damage.
The orc hits you but does no damage.
The orc priest mumbles some strange prayers to Beogh against you.
You resist with some effort.
You hit the orc priest.
The orc priest looks satisfied for a moment.
The orc hits you but does no damage.
The orc priest mumbles some strange prayers to Beogh against you.
Beogh smites you!
* * * LOW HITPOINT WARNING * * *
The orc priest invokes the aid of Beogh against you.
Beogh smites you!
You die...

....# #.#.#.# ####........)...)
....#####.#.#.# #..............##
..............###.......#...#..##
....#####........)......#...#..##
..^.#.......###.###.....#......##
.##.#.#####.#.....#.....#####....
....#.#.....#.....#.....# #.###
#####.#.###.....o.......# #.# #
#.#.# #.#..>@.#.##### #.# # #.#.#
#.#..oo.#.....## #.# ##.#.#
#.###.###.##...####.###
#....###.........##....())....
#..........##.##.##...#####.##
#....########....##########.#
####.# ### ####.# #......# ## #.#
##.## #.# #.###### .#
#.###.#.#####.# #.#


You could see 2 orc priests and an orc.

Vanquished Creatures
  3 jellies (D:2)
  An adder (D:3)
  9 oozes
  4 worms
  2 dart slugs
  2 leopard geckos (D:3)
  An orc (D:3)
  4 ball pythons
  4 giant cockroaches
  6 goblins
  13 hobgoblins
  7 jackals
  16 kobolds
  A quokka (D:3)
  8 bats
  3 frilled lizards (D:1)
  8 rats
92 creatures vanquished.

Vanquished Creatures (others)
  A fungus (D:2)
  11 toadstools (D:2)
12 creatures vanquished.

Grand Total: 104 creatures vanquished

Notes
Turn   | Place    | Note
-------+----------+-------------------------------------------
     0 | D:1      | DavidChitty2 the Gargoyle Fighter began the quest for the
                  | Orb.
     0 | D:1      | Reached XP level 1. HP: 14/14 MP: 1/1
   184 | D:1      | Reached XP level 2. HP: 19/19 MP: 2/2
   393 | D:1      | Reached XP level 3. HP: 19/23 MP: 3/3
  1535 | D:2      | Reached XP level 4. HP: 24/29 MP: 4/4
  1627 | D:2      | Reached XP level 5. HP: 19/33 MP: 5/5
  2647 | D:3      | Found an opulent altar of Gozag.
  2671 | D:3      | Reached XP level 6. HP: 38/38 MP: 6/6
  3197 | D:3      | Killed from afar by an orc priest

Levels and vault maps discovered:
D:1:      dpeg_arrival_boxorama, layout_basic
D:2:      cheibrodos_fertilizer, layout_basic
D:3:      layout_loops_ring, nicolae_overflow_crystal_walls, first_ration,
          st_stairs_3
D:4:      layout_rooms, gammafunk_temple_overflow_forgotten,
          grunt_temple_overflow_cloverleaf, minmay_temple_entry_antechambers

Skill      XL: |  1  2  3  4  5 |
---------------+----------------+-----
Maces & Flails | 3 4 |  4.2
Fighting       | 4 |  4.3
Armour         | 4 |  4.3
Shields        | 4 |  4.4

Action                   |  1- 3 |  4- 6 || total
-------------------------+-------+-------++-------
Melee: Flail             |   138 |   150 ||   288
  Use: Scroll            |     2 |     6 ||     8
       Potion            |       |     1 ||     1
  Eat: Chunk             |     2 |     6 ||     8
Armor: Scale mail        |    84 |    91 ||   175
Dodge: Dodged            |    58 |    44 ||   102
Block: Shield            |    80 |    88 ||   168
